AoeStats
← Ken

Arena

507978513Analyzed
4v4 RM · 12d ago on Sep 20, 2026· 40m 12s· 8 players
Game mode
Random Map
Map size
Large (8 player)
Population
200
Speed
Normal
Resources
Standard
Victory
Conquest
Starting age
Dark Age
Ending age
Imperial Age
RankedLock teamsTeams togetherTeam positionsShared explorationLock speedFull tech treeHidden civsTurbo modeCheats
Victory
Defeat
🇮🇩 Japanese · Indonesia
1087
+16
🇨🇳 Franks · China
1071
+16
🇮🇩 Persians · Indonesia
1060
+17
🇨🇳 Mongols · China
1033
+18
🇩🇪 Mapuche · Germany
1129
-20
🇵🇱 Byzantines · Poland
1067
-16
🇺🇸 Magyars · United States
1064
-16
🇵🇪 Poles · Peru
1047
-15
Ken
11:01 Feudal Age
15:44 Castle Age
13:43 Double-Bit Axe
17:19 Bow Saw
18:19 Loom
22:39 Wheelbarrow
24:17 Gold Mining
26:24 Hand Cart
27:34 Caravan
28:54 Gold Shaft Mining
32:41 Imperial Age
30:32 Husbandry
30:38 Scale Barding Armor
30:44 Forging
31:17 Stone Mining
32:30 Chain Barding Armor
32:21 Forging
34:43 Conscription
35:02 Plate Barding Armor
35:02 Iron Casting
35:06 Cavalier
36:56 Chivalry
37:17 Paladin
38:58 Blast Furnace
39:39 Chemistry
38:35 Murder Holes
39:35 Scale Mail Armor
39:25 Fletching
39:35 Padded Archer Armor
39:58 Ballistics
mAjiCode
11:46 Feudal Age
14:31 Double-Bit Axe
14:29 Horse Collar
15:20 Loom
17:57 Fletching
20:37 Castle Age
21:59 Fletching
23:36 Pikeman
24:16 Squires
27:18 Stone Mining
36:56 Scale Mail Armor
37:07 Forging
38:38 Bow Saw
38:42 Heavy Plow
39:35 Wheelbarrow
40:09 Chain Mail Armor
40:30 Iron Casting
TempYuraa
10:26 Feudal Age
11:41 Double-Bit Axe
14:00 Castle Age
12:32 Horse Collar
14:51 Bow Saw
19:49 Heavy Plow
20:55 Wheelbarrow
23:32 Hand Cart
23:03 Loom
28:09 Imperial Age
27:27 Husbandry
27:37 Bloodlines
28:11 Scale Barding Armor
28:16 Forging
27:49 Heavy Camel Rider
29:24 Coinage
29:32 Conscription
31:44 Banking
32:14 Chain Barding Armor
32:29 Iron Casting
31:45 Fletching
32:30 Elite War Elephant
34:04 Plate Barding Armor
34:29 Blast Furnace
36:03 Masonry
36:55 Chemistry
39:37 Bodkin Arrow
40:25 Caravan
_xy_2252
3:41 Loom
4:34 Loom
4:34 Loom
11:34 Feudal Age
12:52 Wheelbarrow
15:20 Castle Age
13:23 Double-Bit Axe
14:05 Stone Mining
14:45 Horse Collar
16:26 Bow Saw
16:18 Heavy Plow
23:04 Gold Mining
24:29 Gold Shaft Mining
25:23 Padded Archer Armor
25:15 Fletching
27:10 Hand Cart
27:24 Town Watch
31:24 Imperial Age
29:27 Leather Archer Armor
30:09 Bodkin Arrow
31:07 Thumb Ring
33:20 Chemistry
32:53 Bracer
33:21 Parthian Tactics
35:12 Ballistics
35:05 Heavy Scorpion
35:23 Elite Mangudai
38:45 Drill
SemperBlender
12:00 Feudal Age
15:53 Castle Age
13:35 Horse Collar
13:44 Double-Bit Axe
14:07 Stone Mining
14:36 Gold Mining
16:52 Heavy Plow
17:05 Bow Saw
17:47 Wheelbarrow
18:51 Gold Shaft Mining
18:44 Loom
25:04 Forging
25:55 Hand Cart
27:47 Iron Casting
27:25 Devotion
31:41 Imperial Age
30:16 Elite Skirmisher
30:52 Fletching
31:03 Padded Archer Armor
32:39 Ballistics
32:17 Bodkin Arrow
32:40 Leather Archer Armor
35:11 Chemistry
34:46 Crop Rotation
35:39 Ring Archer Armor
36:19 Blast Furnace
35:42 Conscription
37:09 Malon
36:45 Pikeman
38:01 Scale Mail Armor
arga58
11:21 Feudal Age
17:52 Castle Age
24:08 Double-Bit Axe
31:30 Imperial Age
29:37 Pikeman
33:35 Chemistry
shortsnorter
4:09 Loom
10:48 Feudal Age
15:28 Castle Age
13:49 Double-Bit Axe
14:15 Horse Collar
19:32 Wheelbarrow
20:51 Pikeman
22:24 Heavy Plow
30:49 Imperial Age
28:14 Fletching
28:50 Bloodlines
29:50 Ballistics
29:29 Bodkin Arrow
30:55 Scale Barding Armor
31:19 Hand Cart
31:57 Parthian Tactics
33:03 Chemistry
32:06 Bracer
32:00 Town Watch
32:49 Husbandry
33:10 Bow Saw
33:00 Gold Mining
34:33 Chain Barding Armor
33:40 Heavy Cavalry Archer
34:51 Chain Barding Armor
35:17 Gold Shaft Mining
38:11 Recurve Bow
38:34 Masonry
Jc
11:34 Feudal Age
12:14 Horse Collar
12:20 Double-Bit Axe
17:01 Castle Age
16:22 Wheelbarrow
18:31 Bow Saw
18:34 Heavy Plow
19:33 Gold Mining
21:57 Szlachta Privileges
22:12 Loom
22:43 Hand Cart
22:13 Town Watch
24:56 Bloodlines
24:47 Husbandry
24:55 Husbandry
25:04 Stone Mining
28:19 Imperial Age
26:18 Scale Barding Armor
26:24 Forging
25:39 Light Cavalry
27:45 Chain Barding Armor
29:36 Lechitic Legacy
29:54 Lechitic Legacy
30:06 Conscription
30:07 Winged Hussar
31:47 Iron Casting
35:12 Blast Furnace
Connection lost

Rejoining the realm…

Still unreachable

The connection could not be restored.

Session expired

The server has moved on; the page needs a fresh start.